Mulligans vs Sewer Rats
Created - January 29, 2018 at 19:49
Goals
|
| Mulligans |
0 |
3 |
2 |
5 |
| Sewer Rats |
1 |
1 |
5 |
7 |
|
Shots
|
| Mulligans |
5 |
13 |
13 |
31 |
| Sewer Rats |
5 |
11 |
15 |
31 |
|
1st period
1. Sewer Rats , Daniel Carr 13 (William Karlsson 7) at 1:07
Penalties :
Joel Edmundson (Tol) for Slashing (Double Minor) at 7:54, Mattias Ekholm (Tol) for Interference (Minor) at 15:09
2nd period
2. Sewer Rats , Ville Leino 37 (Matt Lashoff 15) at 0:08
3. Mulligans , Nick Bonino 17 (Eric Tangradi 39, Drayson Bowman 13) at 3:19
4. Mulligans , Jonathan Tremblay 19 (Nick Bonino 24, Eric Tangradi 40) at 12:24
5. Mulligans , Nick Bonino 18 (Eric Tangradi 41, Matt Donovan 25) at 17:36 (PP)
Penalties :
Jared Boll (Tol) for Hooking (Minor) at 17:19
3rd period
6. Sewer Rats , Zach Boychuk 23 (Jonathan Marchessault 23) at 4:02
7. Sewer Rats , Ville Leino 38 (Kyle Turris 50, Mark Mancari 33) at 4:10
8. Mulligans , Matt Donovan 4 (Maxime Macenauer 26) at 7:20
9. Sewer Rats , Mark Mancari 22 (Ville Leino 45, Jonathan Marchessault 24) at 11:27
10. Sewer Rats , Zach Boychuk 24 (Jared Boll 16, Jonathan Marchessault 25) at 12:32
11. Sewer Rats , Jonathan Huberdeau 17 (Vincent Trocheck 15) at 18:51
12. Mulligans , Darren Dietz 1 (Nick Bonino 25, Eric Tangradi 42) at 19:48
Penalties :
Jonathan Tremblay (Rep) for Roughing (Minor) at 0:26, Mattias Ekholm (Tol) for Hooking (Minor) at 4:46
Goalie Stats
Anders Lindback (Rep), 24 saves from 31 shots - (0.774), L, 17-15-2, 60:00 minutes
Marek Mazanek (Tol), 26 saves from 31 shots - (0.839), W, 7-9-6, 60:00 minutes
Players Stats for Mulligans
Player Name G A P +/- PIM S H SB GA TA FO MP PP MP PK MP
------------------------------------------------------------------------------------
Adam Lowry 0 0 0 0 0 0 0 0 0 0 0/0 0:00 0:00 0:00
Ben Hutton 0 0 0 3 0 1 1 0 0 0 0/0 16:28 2:57 0:00
Benn Ferriero 0 0 0 -1 0 0 4 1 0 3 0/1 12:59 0:00 1:20
Cade Fairchild 0 0 0 -4 0 0 2 1 1 1 0/0 17:46 2:57 0:42
Christoph Bertschy 0 0 0 -1 0 0 0 0 0 0 1/6 11:52 0:13 0:00
Cody Goloubef 0 0 0 -4 0 2 0 2 0 1 0/0 19:43 4:33 0:42
Dalton Thrower 0 0 0 -1 0 0 1 0 0 0 0/0 3:49 0:00 0:00
Darren Dietz 1 0 1 3 0 1 0 1 0 0 0/0 13:32 0:44 0:00
Derek Dorsett 0 0 0 -1 0 2 3 0 0 1 1/1 16:27 3:19 0:00
Drayson Bowman 0 1 1 -1 0 3 3 0 2 0 0/0 11:39 0:00 0:00
Eric Tangradi 0 4 4 -1 0 5 1 1 0 0 1/1 20:37 4:12 0:00
Jonathan Tremblay 1 0 1 -1 2 4 0 2 0 1 1/2 20:38 4:12 0:00
Joonas Donskoi 0 0 0 0 0 0 0 0 0 0 0/0 0:30 0:30 0:00
Logan Shaw 0 0 0 0 0 1 0 0 1 0 0/0 9:09 0:36 0:00
Mario Lucia 0 0 0 0 0 0 0 0 0 0 0/0 0:40 0:00 0:40
Matt Beleskey 0 0 0 -1 0 2 1 1 1 0 0/0 16:27 3:19 0:00
Matt Donovan 1 1 2 -1 0 1 1 2 2 1 0/0 24:53 4:33 1:17
Maxime Macenauer 0 1 1 -1 0 2 1 0 0 0 7/14 17:48 3:19 1:19
Nick Bonino 2 2 4 -1 0 5 1 0 0 1 10/29 21:15 4:19 0:31
Nick Shore 0 0 0 0 0 0 0 0 0 0 2/3 8:33 0:00 0:00
Reid Boucher 0 0 0 0 0 0 0 0 0 0 0/0 0:30 0:30 0:00
Sven Baertschi 0 0 0 0 0 1 1 0 0 0 0/0 8:56 0:13 0:08
Thomas Hickey 0 0 0 -2 0 1 0 2 0 2 0/0 23:49 0:44 1:17
Players Stats for Sewer Rats
Player Name G A P +/- PIM S H SB GA TA FO MP PP MP PK MP
------------------------------------------------------------------------------------
Daniel Carr 1 0 1 0 0 2 1 0 0 0 0/1 8:38 0:00 1:30
Dmitrij Jaskin 0 0 0 0 0 1 0 0 1 0 0/0 6:58 0:00 0:00
Jared Boll 0 1 1 1 2 0 1 0 0 1 0/0 13:28 0:43 0:00
Jarred Tinordi 0 0 0 0 0 1 1 0 0 0 0/0 19:46 0:42 2:49
Joel Edmundson 0 0 0 0 4 0 1 0 0 0 0/0 10:44 0:00 0:00
John Ramage 0 0 0 0 0 0 1 2 0 1 0/0 12:25 0:00 1:40
Jonathan Huberdeau 1 0 1 1 0 1 3 0 0 0 0/0 13:51 0:00 1:32
Jonathan Marchessault 0 3 3 1 0 1 3 1 0 1 5/9 13:29 0:43 0:00
Kyle Turris 0 1 1 1 0 5 1 0 1 0 15/26 21:30 1:16 2:41
Mark Mancari 1 1 2 1 0 3 2 1 1 0 1/1 22:51 1:16 4:00
Martin Frk 0 0 0 1 0 0 1 0 0 0 0/0 12:18 0:00 0:00
Matt Lashoff 0 1 1 2 0 1 0 1 1 1 0/0 24:51 1:17 5:14
Mattias Ekholm 0 0 0 2 4 1 1 4 1 2 0/0 21:59 1:17 2:23
Nick Cousins 0 0 0 0 0 0 0 0 0 0 0/0 0:00 0:00 0:00
Ryan Murphy 0 0 0 1 0 0 0 0 0 0 0/0 6:11 0:00 1:33
Steven Kampfer 0 0 0 0 0 3 0 2 1 0 0/0 19:46 0:42 2:49
Ville Leino 2 1 3 1 0 6 1 1 1 0 7/8 22:51 1:16 3:53
Vincent Trocheck 0 1 1 1 0 2 2 0 1 0 3/7 12:31 0:00 0:11
William Karlsson 0 1 1 0 0 0 0 0 0 0 3/4 6:58 0:00 0:00
Xavier Ouellet 0 0 0 1 0 0 0 0 0 0 0/0 4:27 0:00 0:00
Zach Boychuk 2 0 2 1 0 4 0 0 3 1 0/1 16:10 0:43 2:41
3 Stars
1 - Ville Leino (Tol)
2 - Nick Bonino (Rep)
3 - Zach Boychuk (Tol)
Power Play
Mulligans - 1 on 5 Attempt(s) - 20.00%
Sewer Rats - 0 on 1 Attempt(s) - 0.00%
Penalty Kill
Mulligans - 1 on 1 Attempt(s) - 100.00%
- Score 0 goal in Penalty Kill
Sewer Rats - 4 on 5 Attempt(s) - 80.00%
- Score 0 goal in Penalty Kill
Team Stat
Mulligans - Hits : 20 - Faceoff Wins : 23 - Blocked Shots : 13 - Penalty Minutes : 2
Sewer Rats - Hits : 19 - Faceoff Wins : 34 - Blocked Shots : 12 - Penalty Minutes : 10
Official
Referees : LaRue Dennis and StPierre Justin
Linesman : Scott Cherrey and Don Henderson
Game Notes
0:04 of 3rd period - Mulligans goal is going for a video replay. After video review, No Goal. The puck has been kicked using a distinct kicking motion.
Finance
Level 1 -- Attendance: 1430 (71.50%) -- Ticket Income $50,050
Level 2 -- Attendance: 695 (69.50%) -- Ticket Income $11,815
Total Attendance: 2125 (70.83%)
Total Ticket Income: $61,865
Other Income: $3,093
Total Income: $64,958
Mulligans
5 vs 5 Forward
Center Left Wing Right Wing Time % Phy DF OF
1 Nick Bonino Eric Tangradi Jonathan Tremblay 40 0 2 3
2 Maxime Macenauer Matt Beleskey Derek Dorsett 30 0 2 3
3 Christoph Bertschy Drayson Bowman Benn Ferriero 20 0 2 3
4 Nick Shore Sven Baertschi Logan Shaw 10 0 2 3
5 vs 5 Defense
Defense Defense Time % Phy DF OF
1 Matt Donovan Thomas Hickey 40 0 3 2
2 Cade Fairchild Cody Goloubef 30 0 3 2
3 Darren Dietz Ben Hutton 20 0 3 2
4 Thomas Hickey Dalton Thrower 10 0 3 2
PowerPlay Forward
Center Left Wing Right Wing Time % Phy DF OF
1 Nick Bonino Eric Tangradi Jonathan Tremblay 60 0 1 4
2 Maxime Macenauer Matt Beleskey Derek Dorsett 40 0 1 4
PowerPlay Defense
Defense Defense Time % Phy DF OF
1 Matt Donovan Cody Goloubef 60 0 2 3
2 Cade Fairchild Ben Hutton 40 0 2 3
Penalty Kill 4 Players Forward
Center Wing Time % Phy DF OF
1 Maxime Macenauer Benn Ferriero 60 1 3 1
2 Nick Bonino Jonathan Tremblay 40 1 2 1
Penalty Kill 4 Players Defense
Defense Defense Time % Phy DF OF
1 Matt Donovan Thomas Hickey 60 0 4 1
2 Cade Fairchild Cody Goloubef 40 0 4 1
Penalty Kill - 3 Players Forward
Forward Time % Phy DF OF
1 Nick Bonino 60 1 3 1
2 Eric Tangradi 40 1 3 1
Penalty Kill - 3 Players Defense
Defense Defense Time % Phy DF OF
1 Matt Donovan Cody Goloubef 60 1 4 0
2 Cade Fairchild Ben Hutton 40 1 4 0
4 vs 4 Forward
Center Wing Time % Phy DF OF
1 Nick Bonino Eric Tangradi 60 1 2 2
2 Maxime Macenauer Matt Beleskey 40 1 2 2
4 vs 4 Defense
Defense Defense Time % Phy DF OF
1 Matt Donovan Thomas Hickey 60 1 2 2
2 Cade Fairchild Ben Hutton 40 1 2 2
Last Minutes Offensive
Center Left Wing Right Wing Defense Defense
Nick Bonino Eric Tangradi Jonathan Tremblay Matt Donovan Thomas Hickey
Last Minutes Defensive
Center Left Wing Right Wing Defense Defense
Nick Bonino Eric Tangradi Jonathan Tremblay Matt Donovan Thomas Hickey
Goaltenders
Starting : Anders Lindback
Backup : Calvin Pickard
Extra Forwards
Normal : Joonas Donskoi, Reid Boucher, Mario Lucia - PP : Joonas Donskoi, Reid Boucher - PK : Mario Lucia
Extra Defensemen
Normal : Darren Dietz, Dalton Thrower, Cade Fairchild - PP : Darren Dietz - PK : Dalton Thrower, Cade Fairchild
Penalty Shots
Nick Bonino, Eric Tangradi, Jonathan Tremblay, Matt Beleskey, Maxime Macenauer
Scratches
Anton Lander (Herniated Disc Injury), Marek Langhamer (Healthy)
Sewer Rats
5 vs 5 Forward
Center Left Wing Right Wing Time % Phy DF OF
1 Kyle Turris Ville Leino Mark Mancari 40 1 2 2
2 Jonathan Marchessault Zach Boychuk Jared Boll 30 1 2 2
3 Vincent Trocheck Jonathan Huberdeau Martin Frk 20 1 2 2
4 William Karlsson Daniel Carr Dmitrij Jaskin 10 1 2 2
5 vs 5 Defense
Defense Defense Time % Phy DF OF
1 Matt Lashoff Mattias Ekholm 40 1 2 2
2 Steven Kampfer Jarred Tinordi 30 1 2 2
3 Joel Edmundson John Ramage 20 1 2 2
4 Ryan Murphy Xavier Ouellet 10 1 2 2
PowerPlay Forward
Center Left Wing Right Wing Time % Phy DF OF
1 Kyle Turris Ville Leino Mark Mancari 60 1 2 2
2 Jonathan Marchessault Zach Boychuk Jared Boll 40 1 2 2
PowerPlay Defense
Defense Defense Time % Phy DF OF
1 Matt Lashoff Mattias Ekholm 60 1 2 2
2 Steven Kampfer Jarred Tinordi 40 1 2 2
Penalty Kill 4 Players Forward
Center Wing Time % Phy DF OF
1 Ville Leino Mark Mancari 60 1 2 2
2 Kyle Turris Zach Boychuk 40 1 2 2
Penalty Kill 4 Players Defense
Defense Defense Time % Phy DF OF
1 Matt Lashoff Mattias Ekholm 60 1 2 2
2 Steven Kampfer Jarred Tinordi 40 1 2 2
Penalty Kill - 3 Players Forward
Forward Time % Phy DF OF
1 Ville Leino 60 1 2 2
2 Mark Mancari 40 1 2 2
Penalty Kill - 3 Players Defense
Defense Defense Time % Phy DF OF
1 Matt Lashoff Mattias Ekholm 60 1 2 2
2 Steven Kampfer Jarred Tinordi 40 1 2 2
4 vs 4 Forward
Center Wing Time % Phy DF OF
1 Ville Leino Mark Mancari 60 1 2 2
2 Kyle Turris Zach Boychuk 40 1 2 2
4 vs 4 Defense
Defense Defense Time % Phy DF OF
1 Matt Lashoff Mattias Ekholm 60 1 2 2
2 Steven Kampfer Jarred Tinordi 40 1 2 2
Last Minutes Offensive
Center Left Wing Right Wing Defense Defense
Kyle Turris Ville Leino Mark Mancari Matt Lashoff Mattias Ekholm
Last Minutes Defensive
Center Left Wing Right Wing Defense Defense
Kyle Turris Ville Leino Mark Mancari Matt Lashoff Mattias Ekholm
Goaltenders
Starting : Marek Mazanek
Backup : Richard Bachman
Extra Forwards
Normal : Nick Cousins, Jonathan Huberdeau, Daniel Carr - PP : Nick Cousins, Jonathan Huberdeau - PK : Daniel Carr
Extra Defensemen
Normal : Joel Edmundson, John Ramage, Ryan Murphy - PP : Joel Edmundson - PK : John Ramage, Ryan Murphy
Penalty Shots
Ville Leino, Mark Mancari, Kyle Turris, Zach Boychuk, Jared Boll
Scratches
Connor Carrick (Healthy), Josh Archibald (Healthy), Jonathan Racine (Healthy), Joseph Blandisi (Healthy), Chris Calhan (Healthy)
Tom Sestito (Healthy), Sergei Kostenko (Healthy)
% Time on Ice - Mulligans
Lines # - Real PCT - Wanted PCT - Time Play
Normal Forward
1 - 33% - 40% - 16:27
2 - 26% - 30% - 13:08
3 - 23% - 20% - 11:39
4 - 17% - 10% - 8:33
Normal Defense
1 - 38% - 40% - 19:03
2 - 28% - 30% - 14:07
3 - 26% - 20% - 12:48
4 - 8% - 10% - 3:49
PP Forward
1 - 60% - 60% - 4:55
2 - 40% - 40% - 3:19
PP Defense
1 - 64% - 60% - 5:17
2 - 36% - 40% - 2:57
PK Forward
1 - 74% - 60% - 1:28
2 - 26% - 40% - 0:31
PK Defense
1 - 65% - 60% - 1:17
2 - 35% - 40% - 0:42
PK3 Forward
1 - 0% - 60%
2 - 0% - 40%
PK3 Defense
1 - 0% - 60%
2 - 0% - 40%
44 Forward
1 - 0% - 60%
2 - 0% - 40%
44 Defense
1 - 0% - 60%
2 - 0% - 40%
Last Minute Offensive - 0:00
Last Minute Defensive - 0:00
Total
Forward - 60:00
Defense - 60:00
|
% Time on Ice - Sewer Rats
Lines # - Real PCT - Wanted PCT - Time Play
Normal Forward
1 - 36% - 40% - 17:45
2 - 26% - 30% - 12:46
3 - 25% - 20% - 12:18
4 - 14% - 10% - 6:58
Normal Defense
1 - 37% - 40% - 18:22
2 - 33% - 30% - 16:15
3 - 22% - 20% - 10:43
4 - 9% - 10% - 4:27
PP Forward
1 - 64% - 60% - 1:16
2 - 36% - 40% - 0:43
PP Defense
1 - 65% - 60% - 1:17
2 - 35% - 40% - 0:42
PK Forward
1 - 67% - 60% - 5:33
2 - 33% - 40% - 2:41
PK Defense
1 - 66% - 60% - 5:25
2 - 34% - 40% - 2:49
PK3 Forward
1 - 0% - 60%
2 - 0% - 40%
PK3 Defense
1 - 0% - 60%
2 - 0% - 40%
44 Forward
1 - 0% - 60%
2 - 0% - 40%
44 Defense
1 - 0% - 60%
2 - 0% - 40%
Last Minute Offensive - 0:00
Last Minute Defensive - 0:00
Total
Forward - 60:00
Defense - 60:00
|
Play by Play
1st period
0:01 of 1st period - Ville Leino wins face-off versus Nick Bonino in neutral zone.
0:06 of 1st period - Wrist shot by Mark Mancari.
0:06 of 1st period - Shot Misses the Net.
0:08 of 1st period - Snap shot by Mark Mancari.
0:08 of 1st period - Shot Blocked by Matt Donovan.
0:38 of 1st period - Icing by Matt Donovan.
0:39 of 1st period - Maxime Macenauer wins face-off versus Vincent Trocheck in Mulligans zone.
0:51 of 1st period - Slapshot by Steven Kampfer.
0:51 of 1st period - Shot Misses the Net.
0:53 of 1st period - Slapshot by Vincent Trocheck.
0:53 of 1st period - Stopped by Anders Lindback with a rebound.
0:55 of 1st period - Snap shot by Jarred Tinordi.
0:55 of 1st period - Stopped by Anders Lindback without a rebound.
0:56 of 1st period - William Karlsson wins face-off versus Christoph Bertschy in Mulligans zone.
0:59 of 1st period - Snap shot by Dmitrij Jaskin.
0:59 of 1st period - Shot Misses the Net.
1:01 of 1st period - Slapshot by Joel Edmundson.
1:01 of 1st period - Deflect By Daniel Carr.
1:01 of 1st period - Stopped by Anders Lindback without a rebound.
1:02 of 1st period - William Karlsson wins face-off versus Christoph Bertschy in Mulligans zone.
1:05 of 1st period - Backhand shot by Daniel Carr.
1:05 of 1st period - Shot Blocked by Cade Fairchild.
1:07 of 1st period - Backhand shot by Daniel Carr.
1:07 of 1st period - Goal by Daniel Carr - Mulligans : 0 - Sewer Rats : 1.
1:08 of 1st period - Nick Shore wins face-off versus Kyle Turris in neutral zone.
1:15 of 1st period - Snap shot by Sven Baertschi.
1:15 of 1st period - Shot Blocked by Ville Leino.
1:21 of 1st period - Snap shot by Ville Leino.
1:21 of 1st period - Stopped by Anders Lindback with a rebound.
1:23 of 1st period - Slapshot by Ryan Murphy.
1:23 of 1st period - Shot Blocked by Darren Dietz.
1:33 of 1st period - Ryan Murphy is hit by Eric Tangradi and loses puck.
2:12 of 1st period - Off-side.
2:13 of 1st period - William Karlsson wins face-off versus Maxime Macenauer in neutral zone.
2:38 of 1st period - Cody Goloubef is hit by Ville Leino and loses puck.
4:11 of 1st period - Kyle Turris is hit by Drayson Bowman and loses puck.
4:20 of 1st period - Wrist shot by Mark Mancari.
4:20 of 1st period - Shot Misses the Net.
4:34 of 1st period - Wrist shot by Jared Boll.
4:34 of 1st period - Shot Misses the Net.
4:37 of 1st period - Icing by Darren Dietz.
4:38 of 1st period - Kyle Turris wins face-off versus Nick Shore in Mulligans zone.
4:49 of 1st period - Slapshot by Mark Mancari.
4:49 of 1st period - Shot Misses the Net.
6:00 of 1st period - Steven Kampfer is hit by Ben Hutton and loses puck.
6:05 of 1st period - Slapshot by Logan Shaw.
6:05 of 1st period - Shot Blocked by Steven Kampfer.
6:07 of 1st period - Wrist shot by Logan Shaw.
6:07 of 1st period - Shot Blocked by Steven Kampfer.
6:09 of 1st period - Slapshot by Darren Dietz.
6:09 of 1st period - Shot Blocked by Mark Mancari.
6:13 of 1st period - Wrist shot by Logan Shaw.
6:13 of 1st period - Stopped by Marek Mazanek with a rebound.
6:29 of 1st period - Snap shot by Sven Baertschi.
6:29 of 1st period - Stopped by Marek Mazanek without a rebound.
6:30 of 1st period - Nick Bonino wins face-off versus Jonathan Marchessault in Sewer Rats zone.
6:55 of 1st period - Vincent Trocheck is hit by Derek Dorsett and loses puck.
7:16 of 1st period - Snap shot by Benn Ferriero.
7:16 of 1st period - Shot Blocked by John Ramage.
7:18 of 1st period - Snap shot by Benn Ferriero.
7:18 of 1st period - Shot Misses the Net.
7:20 of 1st period - Slapshot by Thomas Hickey.
7:20 of 1st period - Stopped by Marek Mazanek without a rebound.
7:21 of 1st period - Jonathan Marchessault wins face-off versus Christoph Bertschy in Sewer Rats zone.
7:21 of 1st period - Jonathan Marchessault is hit by Benn Ferriero.
7:47 of 1st period - Snap shot by Drayson Bowman.
7:47 of 1st period - Shot Misses the Net.
7:49 of 1st period - Wrist shot by Eric Tangradi.
7:49 of 1st period - Stopped by Marek Mazanek with a rebound.
7:54 of 1st period - Double Minor Penalty to Joel Edmundson for Slashing.
7:55 of 1st period - Ville Leino wins face-off versus Nick Bonino in Sewer Rats zone.
8:09 of 1st period - Slapshot by Nick Bonino.
8:09 of 1st period - Stopped by Marek Mazanek with a rebound.
8:11 of 1st period - Snap shot by Jonathan Tremblay.
8:11 of 1st period - Shot Blocked by Mattias Ekholm.
8:45 of 1st period - Off-side.
8:46 of 1st period - Maxime Macenauer wins face-off versus Daniel Carr in neutral zone.
8:49 of 1st period - Matt Lashoff is hit by Derek Dorsett and loses puck.
10:38 of 1st period - Ben Hutton is hit by Daniel Carr and loses puck.
11:54 of 1st period - Penalty to Joel Edmundson is over, Joel Edmundson is back on ice.
12:15 of 1st period - Cody Goloubef is hit by Jonathan Huberdeau and loses puck.
12:30 of 1st period - Cody Goloubef is hit by Joel Edmundson and loses puck.
13:32 of 1st period - Jonathan Tremblay is hit by Mattias Ekholm and loses puck.
14:07 of 1st period - Wrist shot by Jared Boll.
14:07 of 1st period - Shot Blocked by Matt Beleskey.
15:09 of 1st period - Minor Penalty to Mattias Ekholm for Interference.
15:10 of 1st period - Mark Mancari wins face-off versus Nick Bonino in Sewer Rats zone.
17:09 of 1st period - Penalty to Mattias Ekholm is over, Mattias Ekholm is back on ice.
17:19 of 1st period - Jarred Tinordi is hit by Drayson Bowman and loses puck.
17:32 of 1st period - William Karlsson is hit by Dalton Thrower and loses puck.
18:42 of 1st period - Logan Shaw is hit by Martin Frk and loses puck.
19:18 of 1st period - Daniel Carr is hit by Cade Fairchild.
Goals for this period are 0 for Mulligans vs 1 for Sewer Rats.
Shots for this period are 5 for Mulligans vs 5 for Sewer Rats.
2nd period
0:01 of 2nd period - Ville Leino wins face-off versus Nick Bonino in neutral zone.
0:08 of 2nd period - Wrist shot by Ville Leino.
0:08 of 2nd period - Goal by Ville Leino - Mulligans : 0 - Sewer Rats : 2.
0:09 of 2nd period - Kyle Turris wins face-off versus Nick Bonino in neutral zone.
0:18 of 2nd period - Wrist shot by Mark Mancari.
0:18 of 2nd period - Shot Misses the Net.
0:20 of 2nd period - Slapshot by Mattias Ekholm.
0:20 of 2nd period - Stopped by Anders Lindback with a rebound.
0:22 of 2nd period - Wrist shot by Kyle Turris.
0:22 of 2nd period - Stopped by Anders Lindback with a rebound.
0:34 of 2nd period - Derek Dorsett is hit by Jared Boll.
0:40 of 2nd period - Slapshot by Maxime Macenauer.
0:40 of 2nd period - Shot Misses the Net.
0:42 of 2nd period - Slapshot by Cade Fairchild.
0:42 of 2nd period - Deflect By Maxime Macenauer.
0:42 of 2nd period - Stopped by Marek Mazanek without a rebound.
0:43 of 2nd period - Kyle Turris wins face-off versus Nick Bonino in Sewer Rats zone.
1:09 of 2nd period - Maxime Macenauer is hit by Jonathan Huberdeau and loses puck.
1:20 of 2nd period - Wrist shot by Jonathan Huberdeau.
1:20 of 2nd period - Shot Misses the Net.
2:54 of 2nd period - Jonathan Marchessault is hit by Benn Ferriero and loses puck.
3:19 of 2nd period - Snap shot by Nick Bonino.
3:19 of 2nd period - Goal by Nick Bonino - Mulligans : 1 - Sewer Rats : 2.
3:20 of 2nd period - Kyle Turris wins face-off versus Nick Bonino in neutral zone.
4:09 of 2nd period - Wrist shot by Drayson Bowman.
4:09 of 2nd period - Shot Misses the Net.
4:34 of 2nd period - Snap shot by Dmitrij Jaskin.
4:34 of 2nd period - Stopped by Anders Lindback with a rebound.
4:40 of 2nd period - John Ramage is hit by Cade Fairchild and loses puck.
5:17 of 2nd period - Snap shot by Mark Mancari.
5:17 of 2nd period - Shot Misses the Net.
5:19 of 2nd period - Snap shot by Jonathan Marchessault.
5:19 of 2nd period - Stopped by Anders Lindback with a rebound.
5:49 of 2nd period - Snap shot by Derek Dorsett.
5:49 of 2nd period - Shot Misses the Net.
5:53 of 2nd period - Wrist shot by Maxime Macenauer.
5:53 of 2nd period - Deflect By Derek Dorsett.
5:53 of 2nd period - Stopped by Marek Mazanek with a rebound.
5:59 of 2nd period - Wrist shot by Maxime Macenauer.
5:59 of 2nd period - Stopped by Marek Mazanek without a rebound.
6:00 of 2nd period - Kyle Turris wins face-off versus Nick Bonino in Sewer Rats zone.
6:00 of 2nd period - Kyle Turris is hit by Matt Donovan.
6:17 of 2nd period - Off-side.
6:18 of 2nd period - Jonathan Marchessault wins face-off versus Benn Ferriero in neutral zone.
6:51 of 2nd period - Snap shot by Kyle Turris.
6:51 of 2nd period - Shot Misses the Net.
6:53 of 2nd period - Slapshot by Steven Kampfer.
6:53 of 2nd period - Deflect By Kyle Turris.
6:53 of 2nd period - Stopped by Anders Lindback without a rebound.
6:54 of 2nd period - Nick Bonino wins face-off versus Jonathan Marchessault in Mulligans zone.
7:43 of 2nd period - Off-side.
7:44 of 2nd period - Vincent Trocheck wins face-off versus Christoph Bertschy in neutral zone.
8:35 of 2nd period - Snap shot by Matt Beleskey.
8:35 of 2nd period - Shot Misses the Net.
8:37 of 2nd period - Slapshot by Thomas Hickey.
8:37 of 2nd period - Deflect By Maxime Macenauer.
8:37 of 2nd period - Deflect By Zach Boychuk.
8:37 of 2nd period - Shot Misses the Net.
8:37 of 2nd period - Puck is out of play.
8:38 of 2nd period - Kyle Turris wins face-off versus Nick Bonino in Sewer Rats zone.
8:51 of 2nd period - Snap shot by Ville Leino.
8:51 of 2nd period - Shot Misses the Net.
8:53 of 2nd period - Slapshot by Ville Leino.
8:53 of 2nd period - Shot Blocked by Eric Tangradi.
9:08 of 2nd period - Thomas Hickey is hit by Jonathan Marchessault and loses puck.
10:04 of 2nd period - William Karlsson is hit by Sven Baertschi.
10:59 of 2nd period - Wrist shot by Drayson Bowman.
10:59 of 2nd period - Stopped by Marek Mazanek with a rebound.
11:01 of 2nd period - Wrist shot by Benn Ferriero.
11:01 of 2nd period - Shot Blocked by Mattias Ekholm.
11:03 of 2nd period - Slapshot by Ben Hutton.
11:03 of 2nd period - Deflect By Benn Ferriero.
11:03 of 2nd period - Shot Misses the Net.
11:03 of 2nd period - Puck is out of play.
11:04 of 2nd period - Kyle Turris wins face-off versus Nick Bonino in Sewer Rats zone.
11:31 of 2nd period - Cody Goloubef is hit by Jonathan Marchessault and loses puck.
12:14 of 2nd period - Slapshot by Steven Kampfer.
12:14 of 2nd period - Stopped by Anders Lindback without a rebound.
12:15 of 2nd period - Eric Tangradi wins face-off versus William Karlsson in Mulligans zone.
12:24 of 2nd period - Wrist shot by Jonathan Tremblay.
12:24 of 2nd period - Goal by Jonathan Tremblay - Mulligans : 2 - Sewer Rats : 2.
12:25 of 2nd period - Nick Bonino wins face-off versus Kyle Turris in neutral zone.
13:48 of 2nd period - Slapshot by Steven Kampfer.
13:48 of 2nd period - Stopped by Anders Lindback without a rebound.
13:49 of 2nd period - Nick Bonino wins face-off versus Kyle Turris in Mulligans zone.
14:00 of 2nd period - Slapshot by Kyle Turris.
14:00 of 2nd period - Stopped by Anders Lindback with a rebound.
14:02 of 2nd period - Slapshot by Steven Kampfer.
14:02 of 2nd period - Deflect By Nick Bonino.
14:02 of 2nd period - Stopped by Anders Lindback without a rebound.
14:03 of 2nd period - Nick Bonino wins face-off versus Kyle Turris in Mulligans zone.
14:03 of 2nd period - Nick Bonino is hit by Mark Mancari.
14:13 of 2nd period - Slapshot by Nick Bonino.
14:13 of 2nd period - Stopped by Marek Mazanek with a rebound.
14:38 of 2nd period - Wrist shot by Derek Dorsett.
14:38 of 2nd period - Shot Blocked by Jonathan Marchessault.
14:40 of 2nd period - Slapshot by Matt Donovan.
14:40 of 2nd period - Shot Misses the Net.
14:42 of 2nd period - Snap shot by Matt Beleskey.
14:42 of 2nd period - Shot Hit the Post.
14:44 of 2nd period - Snap shot by Matt Beleskey.
14:44 of 2nd period - Stopped by Marek Mazanek without a rebound.
14:45 of 2nd period - Derek Dorsett wins face-off versus Vincent Trocheck in Sewer Rats zone.
14:45 of 2nd period - Matt Donovan is hit by Vincent Trocheck and loses puck.
14:50 of 2nd period - Snap shot by Matt Beleskey.
14:50 of 2nd period - Stopped by Marek Mazanek without a rebound.
14:51 of 2nd period - Vincent Trocheck wins face-off versus Maxime Macenauer in Sewer Rats zone.
15:21 of 2nd period - Slapshot by Eric Tangradi.
15:21 of 2nd period - Stopped by Marek Mazanek with a rebound.
16:43 of 2nd period - Snap shot by Mark Mancari.
16:43 of 2nd period - Stopped by Anders Lindback without a rebound.
16:44 of 2nd period - Ville Leino wins face-off versus Nick Bonino in Mulligans zone.
17:12 of 2nd period - Slapshot by Ben Hutton.
17:12 of 2nd period - Stopped by Marek Mazanek without a rebound.
17:13 of 2nd period - Jonathan Marchessault wins face-off versus Maxime Macenauer in Sewer Rats zone.
17:19 of 2nd period - Minor Penalty to Jared Boll for Hooking.
17:20 of 2nd period - Ville Leino wins face-off versus Nick Bonino in Sewer Rats zone.
17:36 of 2nd period - Wrist shot by Nick Bonino.
17:36 of 2nd period - Goal by Nick Bonino - Mulligans : 3 - Sewer Rats : 2.
17:37 of 2nd period - Nick Bonino wins face-off versus Kyle Turris in neutral zone.
18:02 of 2nd period - Mattias Ekholm is hit by Maxime Macenauer and loses puck.
18:25 of 2nd period - Wrist shot by Drayson Bowman.
18:25 of 2nd period - Stopped by Marek Mazanek with a rebound.
18:49 of 2nd period - Snap shot by Logan Shaw.
18:49 of 2nd period - Shot Misses the Net.
Goals for this period are 3 for Mulligans vs 1 for Sewer Rats.
Shots for this period are 13 for Mulligans vs 11 for Sewer Rats.
3rd period
0:01 of 3rd period - Kyle Turris wins face-off versus Nick Bonino in neutral zone.
0:04 of 3rd period - Snap shot by Eric Tangradi.
0:04 of 3rd period - Mulligans goal is going for a video replay.
0:04 of 3rd period - The goal is refused. The puck has been kicked using a distinct kicking motion..
0:05 of 3rd period - Kyle Turris wins face-off versus Nick Bonino in Sewer Rats zone.
0:16 of 3rd period - Wrist shot by Kyle Turris.
0:16 of 3rd period - Shot Blocked by Jonathan Tremblay.
0:18 of 3rd period - Slapshot by Matt Lashoff.
0:18 of 3rd period - Shot Blocked by Jonathan Tremblay.
0:20 of 3rd period - Snap shot by Kyle Turris.
0:20 of 3rd period - Shot Misses the Net.
0:26 of 3rd period - Minor Penalty to Jonathan Tremblay for Roughing.
0:27 of 3rd period - Kyle Turris wins face-off versus Maxime Macenauer in Mulligans zone.
0:32 of 3rd period - Wrist shot by Kyle Turris.
0:32 of 3rd period - Shot Misses the Net.
0:34 of 3rd period - Backhand shot by Matt Lashoff.
0:34 of 3rd period - Stopped by Anders Lindback with a rebound.
0:36 of 3rd period - Slapshot by Kyle Turris.
0:36 of 3rd period - Shot Blocked by Thomas Hickey.
0:38 of 3rd period - Slapshot by Ville Leino.
0:38 of 3rd period - Stopped by Anders Lindback without a rebound.
0:39 of 3rd period - Maxime Macenauer wins face-off versus Kyle Turris in Mulligans zone.
1:30 of 3rd period - Snap shot by Mark Mancari.
1:30 of 3rd period - Shot Misses the Net.
1:34 of 3rd period - Slapshot by Kyle Turris.
1:34 of 3rd period - Stopped by Anders Lindback without a rebound.
1:35 of 3rd period - Maxime Macenauer wins face-off versus Jonathan Marchessault in Mulligans zone.
1:46 of 3rd period - Snap shot by Jonathan Marchessault.
1:46 of 3rd period - Shot Blocked by Benn Ferriero.
2:12 of 3rd period - Cade Fairchild is hit by Jarred Tinordi and loses puck.
2:26 of 3rd period - Penalty to Jonathan Tremblay is over, Jonathan Tremblay is back on ice.
2:33 of 3rd period - Nick Bonino is hit by Jonathan Huberdeau and loses puck.
3:08 of 3rd period - Icing by Logan Shaw.
3:09 of 3rd period - Nick Shore wins face-off versus Kyle Turris in Mulligans zone.
3:09 of 3rd period - Nick Shore is hit by Mark Mancari.
3:45 of 3rd period - Wrist shot by Jonathan Huberdeau.
3:45 of 3rd period - Shot Misses the Net.
4:00 of 3rd period - Wrist shot by Zach Boychuk.
4:00 of 3rd period - Stopped by Anders Lindback with a rebound.
4:02 of 3rd period - Slapshot by Zach Boychuk.
4:02 of 3rd period - Goal by Zach Boychuk - Mulligans : 3 - Sewer Rats : 3.
4:03 of 3rd period - Kyle Turris wins face-off versus Nick Bonino in neutral zone.
4:10 of 3rd period - Snap shot by Ville Leino.
4:10 of 3rd period - Deflect By Nick Bonino.
4:10 of 3rd period - Goal by Ville Leino - Mulligans : 3 - Sewer Rats : 4.
4:11 of 3rd period - Jonathan Tremblay wins face-off versus Kyle Turris in neutral zone.
4:27 of 3rd period - Snap shot by Kyle Turris.
4:27 of 3rd period - Stopped by Anders Lindback with a rebound.
4:46 of 3rd period - Minor Penalty to Mattias Ekholm for Hooking.
4:47 of 3rd period - Nick Bonino wins face-off versus Ville Leino in Sewer Rats zone.
4:49 of 3rd period - Snap shot by Eric Tangradi.
4:49 of 3rd period - Shot Misses the Net.
4:51 of 3rd period - Wrist shot by Nick Bonino.
4:51 of 3rd period - Shot Misses the Net.
4:53 of 3rd period - Wrist shot by Jonathan Tremblay.
4:53 of 3rd period - Stopped by Marek Mazanek with a rebound.
4:55 of 3rd period - Snap shot by Nick Bonino.
4:55 of 3rd period - Stopped by Marek Mazanek with a rebound.
4:57 of 3rd period - Slapshot by Matt Donovan.
4:57 of 3rd period - Shot Blocked by John Ramage.
4:59 of 3rd period - Wrist shot by Jonathan Tremblay.
4:59 of 3rd period - Shot Blocked by Matt Lashoff.
5:01 of 3rd period - Slapshot by Cody Goloubef.
5:01 of 3rd period - Stopped by Marek Mazanek without a rebound.
5:02 of 3rd period - Ville Leino wins face-off versus Nick Bonino in Sewer Rats zone.
5:13 of 3rd period - Wrist shot by Jonathan Tremblay.
5:13 of 3rd period - Stopped by Marek Mazanek with a rebound.
5:15 of 3rd period - Snap shot by Cody Goloubef.
5:15 of 3rd period - Stopped by Marek Mazanek with a rebound.
5:17 of 3rd period - Slapshot by Matt Donovan.
5:17 of 3rd period - Shot Misses the Net.
5:27 of 3rd period - Mark Mancari is hit by Derek Dorsett and loses puck.
6:46 of 3rd period - Penalty to Mattias Ekholm is over, Mattias Ekholm is back on ice.
6:54 of 3rd period - Slapshot by Ville Leino.
6:54 of 3rd period - Stopped by Anders Lindback without a rebound.
6:55 of 3rd period - Christoph Bertschy wins face-off versus Vincent Trocheck in Mulligans zone.
7:04 of 3rd period - Wrist shot by Drayson Bowman.
7:04 of 3rd period - Stopped by Marek Mazanek with a rebound.
7:09 of 3rd period - Off-side.
7:10 of 3rd period - Maxime Macenauer wins face-off versus Jonathan Marchessault in neutral zone.
7:18 of 3rd period - Icing by Jarred Tinordi.
7:19 of 3rd period - Maxime Macenauer wins face-off versus Zach Boychuk in Sewer Rats zone.
7:20 of 3rd period - Slapshot by Matt Donovan.
7:20 of 3rd period - Goal by Matt Donovan - Mulligans : 4 - Sewer Rats : 4.
7:21 of 3rd period - Kyle Turris wins face-off versus Jonathan Tremblay in neutral zone.
8:12 of 3rd period - Snap shot by Vincent Trocheck.
8:12 of 3rd period - Stopped by Anders Lindback with a rebound.
8:36 of 3rd period - Snap shot by Daniel Carr.
8:36 of 3rd period - Shot Misses the Net.
9:28 of 3rd period - Vincent Trocheck is hit by Benn Ferriero and loses puck.
9:36 of 3rd period - Off-side.
9:37 of 3rd period - Ville Leino wins face-off versus Nick Bonino in neutral zone.
9:40 of 3rd period - Snap shot by Kyle Turris.
9:40 of 3rd period - Shot Misses the Net.
9:52 of 3rd period - Wrist shot by Eric Tangradi.
9:52 of 3rd period - Stopped by Marek Mazanek without a rebound.
9:53 of 3rd period - Jonathan Marchessault wins face-off versus Maxime Macenauer in Sewer Rats zone.
10:00 of 3rd period - Wrist shot by Derek Dorsett.
10:00 of 3rd period - Stopped by Marek Mazanek with a rebound.
10:37 of 3rd period - Snap shot by Jonathan Huberdeau.
10:37 of 3rd period - Shot Misses the Net.
10:49 of 3rd period - Martin Frk is hit by Drayson Bowman.
11:25 of 3rd period - Snap shot by Mark Mancari.
11:25 of 3rd period - Shot Blocked by Cody Goloubef.
11:27 of 3rd period - Slapshot by Mark Mancari.
11:27 of 3rd period - Goal by Mark Mancari - Mulligans : 4 - Sewer Rats : 5.
11:28 of 3rd period - Nick Bonino wins face-off versus Kyle Turris in neutral zone.
11:33 of 3rd period - Wrist shot by Ville Leino.
11:33 of 3rd period - Stopped by Anders Lindback with a rebound.
11:53 of 3rd period - Kyle Turris is hit by Benn Ferriero and loses puck.
12:22 of 3rd period - Wrist shot by Zach Boychuk.
12:22 of 3rd period - Stopped by Anders Lindback without a rebound.
12:23 of 3rd period - Jonathan Marchessault wins face-off versus Nick Bonino in Mulligans zone.
12:30 of 3rd period - Slapshot by Jared Boll.
12:30 of 3rd period - Shot Misses the Net.
12:32 of 3rd period - Wrist shot by Zach Boychuk.
12:32 of 3rd period - Goal by Zach Boychuk - Mulligans : 4 - Sewer Rats : 6.
12:33 of 3rd period - Kyle Turris wins face-off versus Nick Bonino in neutral zone.
12:36 of 3rd period - Snap shot by Mark Mancari.
12:36 of 3rd period - Shot Blocked by Thomas Hickey.
13:08 of 3rd period - Thomas Hickey is hit by Jonathan Marchessault and loses puck.
13:23 of 3rd period - Drayson Bowman is hit by Vincent Trocheck and loses puck.
13:32 of 3rd period - Wrist shot by Vincent Trocheck.
13:32 of 3rd period - Shot Blocked by Cody Goloubef.
13:44 of 3rd period - Joel Edmundson is hit by Nick Bonino.
13:50 of 3rd period - Cody Goloubef is hit by John Ramage.
13:54 of 3rd period - Snap shot by Eric Tangradi.
13:54 of 3rd period - Shot Misses the Net.
13:56 of 3rd period - Backhand shot by Eric Tangradi.
13:56 of 3rd period - Shot Misses the Net.
14:14 of 3rd period - Wrist shot by Ville Leino.
14:14 of 3rd period - Deflect By Mark Mancari.
14:14 of 3rd period - Shot Misses the Net.
14:14 of 3rd period - Puck is out of play.
14:15 of 3rd period - Maxime Macenauer wins face-off versus Kyle Turris in Mulligans zone.
14:26 of 3rd period - Matt Lashoff is hit by Matt Beleskey and loses puck.
15:22 of 3rd period - Wrist shot by Matt Beleskey.
15:22 of 3rd period - Shot Misses the Net.
15:24 of 3rd period - Wrist shot by Maxime Macenauer.
15:24 of 3rd period - Shot Blocked by Mattias Ekholm.
15:34 of 3rd period - Logan Shaw is hit by Kyle Turris and loses puck.
15:53 of 3rd period - Slapshot by Eric Tangradi.
15:53 of 3rd period - Shot Misses the Net.
16:41 of 3rd period - Snap shot by Ville Leino.
16:41 of 3rd period - Shot Hit the Post.
16:43 of 3rd period - Slapshot by John Ramage.
16:43 of 3rd period - Deflect By Mark Mancari.
16:43 of 3rd period - Shot Misses the Net.
16:43 of 3rd period - Puck is out of play.
16:44 of 3rd period - Kyle Turris wins face-off versus Maxime Macenauer in Mulligans zone.
16:47 of 3rd period - Wrist shot by Ville Leino.
16:47 of 3rd period - Shot Blocked by Matt Donovan.
16:59 of 3rd period - Wrist shot by Mark Mancari.
16:59 of 3rd period - Stopped by Anders Lindback with a rebound.
18:51 of 3rd period - Slapshot by Jonathan Huberdeau.
18:51 of 3rd period - Goal by Jonathan Huberdeau - Mulligans : 4 - Sewer Rats : 7.
18:52 of 3rd period - Kyle Turris wins face-off versus Maxime Macenauer in neutral zone.
19:32 of 3rd period - Icing by Steven Kampfer.
19:33 of 3rd period - Nick Bonino wins face-off versus Vincent Trocheck in Sewer Rats zone.
19:34 of 3rd period - Slapshot by Eric Tangradi.
19:34 of 3rd period - Stopped by Marek Mazanek without a rebound.
19:35 of 3rd period - Nick Bonino wins face-off versus Kyle Turris in Sewer Rats zone.
19:40 of 3rd period - Backhand shot by Eric Tangradi.
19:40 of 3rd period - Shot Misses the Net.
19:42 of 3rd period - Snap shot by Jonathan Tremblay.
19:42 of 3rd period - Stopped by Marek Mazanek with a rebound.
19:44 of 3rd period - Snap shot by Eric Tangradi.
19:44 of 3rd period - Shot Misses the Net.
19:46 of 3rd period - Slapshot by Nick Bonino.
19:46 of 3rd period - Shot Blocked by Mattias Ekholm.
19:48 of 3rd period - Snap shot by Darren Dietz.
19:48 of 3rd period - Goal by Darren Dietz - Mulligans : 5 - Sewer Rats : 7.
19:49 of 3rd period - Vincent Trocheck wins face-off versus Christoph Bertschy in neutral zone.
Goals for this period are 2 for Mulligans vs 5 for Sewer Rats.
Shots for this period are 13 for Mulligans vs 15 for Sewer Rats.
Back to the Top